 Dungeon Crawl Stone Soup version 0.27-a0-681-g0c81a3c1c3 (webtiles) character file.

Game seed: 12578826751714241796

4727 jasper the Martial Artist (level 10, 0/53 HPs)
             Began as a Vine Stalker Brigand on Mar 19, 2021.
             Was a High Priest of Makhleb.
             Slain by a two-headed ogre
             ... wielding a +0 giant club
              (21 damage)
             ... on level 9 of the Dungeon.
             The game lasted 00:20:48 (10144 turns).

jasper the Martial Artist (Vine Stalker Brigand)   Turns: 10144, Time: 00:20:49

Health: 0/53       AC: 10    Str: 13    XL:     10   Next: 45%
Magic:  0/13       EV: 13    Int: 26    God:    Makhleb [*****.]
Gold:   562        SH:  5    Dex: 17    Spells: 3/9 levels left

rFire    . . .     SeeInvis .     - Unarmed
rCold    . . .     Faith    .   k - +0 buckler
rNeg     . . .     Spirit   +   p - +2 ring mail {rPois}
rPois    +         Reflect  .   f - +2 hat
rElec    .         Harm     .   c - +0 cloak
rCorr    .         Rampage  .   (no gloves)
Will     +....                  (no boots)
Stlth    ++........             (no amulet)
HPRegen  1.17/turn              t - +6 ring of intelligence
MPRegen  0.13/turn              u - +6 ring of intelligence

@: no status effects
A: fangs 3, regeneration 1, magic shield, antimagic bite, no potion heal 3
a: Renounce Religion, Minor Destruction, Lesser Servant of Makhleb, Major
Destruction, Greater Servant of Makhleb


You were on level 9 of the Dungeon.
You worshipped Makhleb.
Makhleb was extremely pleased with you.
You visited 1 branch of the dungeon, and saw 9 of its levels.

You collected 610 gold pieces.
You spent 48 gold pieces at shops.

Inventory:

Hand Weapons
 a - a +3 dagger
Missiles
 d - 54 poisoned darts (quivered)
Armour
 b - a +0 robe
 c - a +0 cloak (worn)
 f - a +2 hat (worn)
 j - a +1 leather armour of poison resistance
 k - a +0 buckler (worn)
 p - a +2 ring mail of poison resistance (worn)
 x - a +0 cloak
 D - a +0 kite shield
Jewellery
 m - a ring of positive energy
 t - a +6 ring of intelligence (right hand)
 u - a +6 ring of intelligence (left hand)
 w - a ring of magical power
 y - a ring of positive energy
 A - a +6 ring of intelligence
Wands
 e - a wand of digging (5)
 r - a wand of random effects (26)
 B - a wand of flame (12)
Scrolls
 g - 3 scrolls of teleportation
 i - 4 scrolls of magic mapping
 l - a scroll of summoning
 C - 3 scrolls of identify
Potions
 h - 3 potions of curing
 n - a potion of lignification
 o - a potion of mutation
 q - 3 potions of flight
 s - 2 potions of brilliance
 z - 2 potions of attraction
 E - a potion of heal wounds {unknown}
Miscellaneous
 v - a condenser vane (inert)


   Skills:
 + Level 6.5 Fighting
 - Level 1.7 Short Blades
 - Level 1.7 Throwing
 + Level 5.7 Dodging
 - Level 4.8 Stealth
 - Level 4.0 Shields
 * Level 9.6 Unarmed Combat
 + Level 3.7 Invocations


You had 3 spell levels left.
You knew the following spells:

 Your Spells              Type           Power      Damage    Failure   Level
a - Blink                 Tloc           N/A        N/A       38%         2
b - Slow                  Hex            0%         N/A       38%         2
c - Animate Skeleton      Necr           0%         N/A       28%         1
d - Apportation           Tloc           0%         N/A       28%         1

Your spell library contained the following spells:

 Spells                   Type           Power      Damage    Failure   Level
 Corona                   Hex            0%         N/A       28%         1
 Magic Dart               Conj           0%         1d3       28%         1
 Summon Small Mammal      Summ           0%         N/A       28%         1
 Call Imp                 Summ           0%         N/A       38%         2
 Searing Ray              Conj           0%         3d3       38%         2
 Call Canine Familiar     Summ           0%         N/A       63%         3
 Conjure Flame            Conj/Fire      0%         6-21      63%         3
 Dazzling Flash           Conj/Hex       0%         N/A       63%         3
 Mephitic Cloud           Conj/Pois/Air  0%         N/A       63%         3
 Summon Guardian Golem    Hex/Summ       0%         N/A       63%         3
 Fulminant Prism          Conj/Hex       0%         3d6       95%         4
 Iskenderun's Mystic Bla  Conj/Tloc      0%         2d3       95%         4
 Summon Ice Beast         Ice/Summ       0%         N/A       95%         4
 Summon Lightning Spire   Summ/Air       0%         N/A       95%         4


Dungeon Overview and Level Annotations

Branches:
Dungeon (9/15)             Temple (0/1) D:6             Orc (0/2) D:9
   Lair: D:8-11

Altars:
Dithmenos
Elyvilon
Fedhas
Gozag
Hepliaklqana
Kikubaaqudgha
Makhleb
Qazlal
Ru
Trog
Uskayaw
Wu Jian
Zin
The Shining One

Shops:
D:1 *   D:5 (


Innate Abilities, Weirdness & Mutations

You have razor-sharp teeth.
Your natural rate of healing is unusually fast.
When hurt, damage is shared between your health and your magic reserves.
Your bite disrupts and absorbs the magic of your enemies.
Potions cannot restore your health.


Message History

Aim: a two-headed ogre, wielding two +0 giant clubs (lightly wounded, very poisoned, 77% to hit)
You throw a poisoned dart.
The poisoned dart barely misses the two-headed ogre.
There is an open door here.
You close the door.
A two-headed ogre opens the door.
You close the door.
A two-headed ogre opens the door.
You close the door.
A two-headed ogre opens the door.
You close the door.
A two-headed ogre opens the door.
Throw: 55 darts (poison)
Press: ? - help, Q - select action, (/) - cycle Shift-Dir - straight line, f/p - two-headed ogre
Aim: a two-headed ogre, wielding two +0 giant clubs (heavily wounded, poisoned, 77% to hit)
You throw a poisoned dart.
The poisoned dart hits the two-headed ogre.
The two-headed ogre looks even sicker.
The two-headed ogre is heavily wounded.
You barely miss the two-headed ogre.
The two-headed ogre is heavily wounded.
You hit the two-headed ogre. Your bite misses the two-headed ogre.
The two-headed ogre is heavily wounded.
The two-headed ogre hits you with a +0 giant club!!
The two-headed ogre hits you with a +0 giant club!
You take 22 damage, and have 31/53 hp.
MASSIVE DAMAGE!!
You now have 7/13 mp.
You punch the two-headed ogre!
The two-headed ogre is severely wounded.
The two-headed ogre hits you with a +0 giant club!
The two-headed ogre hits you with a +0 giant club.
* * * LOW HITPOINT WARNING * * *
You take 16 damage, and have 15/53 hp.
MASSIVE DAMAGE!!
You now have 3/13 mp.
The two-headed ogre looks more healthy.
You regained 2 hp, and now have 20/53 hp.
An orc comes into view.
It is wielding a +1 dagger of holy wrath.
You regained 2 hp, and now have 27/53 hp.
The orc barely misses you. You block the orc's attack.
You regained 2 hp, and now have 34/53 hp.
Found a staircase to the Orcish Mines.
A demon appears!
The orc hits you but does no damage.
The two-headed ogre hits you with a +0 giant club!
The two-headed ogre hits you with a +0 giant club!!
You die...

##...########.........#..........
.....###...##.........#.........#
............#...<.....#.........#
.......[(........................
........[#..............##.......
.....##..####)........#.##.......
.....##[..##.#...3...## #.......#
####[##....##.#oO.....##...##...#
#....##[....###.@...###....##...#
....[.)).....##.#.#.###... +.....
.)............##8.8##.#... #.....
[.......[......##'##..#.. #(....
.....####+###..# ..#..#.. ##...#
.....##....##..# >.#..# #####
......'.....#..# ..#..# #
......#.....#..#####..# #
#....##.....#.........# #


You could see a two-headed ogre (ally target), an orc and a friendly ynoxinul
(summoned).

Vanquished Creatures
  Prince Ribbit (D:7)
  Eustachio (D:4)
  2 water moccasins
  Duvessa (D:6)
  4 orc warriors
  2 sky beasts
  2 ice beasts
  5 centaurs
  4 ogres
  3 phantoms
  A kobold brigand (D:9)
  3 bullfrogs
  A water moccasin zombie (D:9)
  Dowan (D:6)
  4 wights
  6 jellies
  A bullfrog skeleton (D:9)
  8 orc priests
  6 hounds
  Crazy Yiuf (D:6)
  A centaur skeleton (D:6)
  Ijyb (D:4)
  Natasha (twice) (D:4 D:3)
  2 iguanas
  15 orc wizards
  7 worker ants
  4 hound skeletons
  3 worker ant zombies
  5 adders
  14 gnolls
  A howler monkey skeleton (D:8)
  A white imp (D:4)
  3 ufetubi
  2 oozes
  4 adder skeletons
  2 worms
  2 dart slugs (D:1)
  5 leopard geckos
  47 orcs
  A ball python (D:4)
  6 bats
  9 giant cockroaches
  6 hobgoblins
  16 jackals
  20 kobolds
  8 quokkas
  9 frilled lizards
  10 goblins
  A jackal skeleton (D:4)
  A leopard gecko zombie (D:6)
  A quokka skeleton (D:6)
  A quokka zombie (D:6)
  4 rats
271 creatures vanquished.

Vanquished Creatures (others)
  An orc wizard (D:9)
  4 plants
5 creatures vanquished.

Grand Total: 276 creatures vanquished

Notes
Turn   | Place    | Note
-------+----------+-------------------------------------------
     0 | D:1      | jasper the Vine Stalker Brigand began the quest for the
                  | Orb.
     0 | D:1      | Reached XP level 1. HP: 11/11 MP: 2/2
   252 | D:1      | Reached skill level 1 in Dodging
   286 | D:1      | Reached skill level 1 in Unarmed Combat
   286 | D:1      | Reached XP level 2. HP: 11/15 MP: 1/3
  1236 | D:1      | Reached XP level 3. HP: 18/18 MP: 4/4
  1808 | D:1      | Reached skill level 2 in Unarmed Combat
  1916 | D:1      | Found Witu's Assorted Antiques.
  1924 | D:1      | Bought a scroll labelled ESMADW COYTT for 24 gold pieces
  1924 | D:1      | Bought a scroll labelled LENANN JIPERPH for 24 gold pieces
  2093 | D:2      | Found a blossoming altar of Fedhas.
  2313 | D:2      | Found a sacrificial altar of Ru.
  2417 | D:2      | Noticed a bullfrog
  2424 | D:2      | Killed a bullfrog
  2425 | D:2      | Reached skill level 3 in Unarmed Combat
  2425 | D:2      | Gained mutation: Your natural rate of healing is unusually
                  | fast. [Vine Stalker growth]
  2425 | D:2      | Reached XP level 4. HP: 23/23 MP: 5/5
  2676 | D:3      | Reached XP level 5. HP: 16/27 MP: 4/6
  3327 | D:3      | Noticed an Executioner
  3328 | D:3      | Found a burning altar of Makhleb.
  3331 | D:3      | Found a glowing silver altar of Zin.
  3332 | D:3      | Noticed an angel
  3376 | D:3      | Became a worshipper of Makhleb the Destroyer
  3709 | D:3      | Reached skill level 1 in Shields
  3737 | D:3      | Found a faded altar of an unknown god.
  3999 | D:4      | Noticed Natasha
  4006 | D:4      | Killed Natasha
  4007 | D:4      | Reached XP level 6. HP: 32/32 MP: 7/7
  4123 | D:4      | Reached skill level 4 in Unarmed Combat
  4229 | D:4      | Reached * piety under Makhleb
  4235 | D:4      | Noticed Natasha
  4282 | D:3      | Killed Natasha
  4538 | D:4      | Reached XP level 7. HP: 36/36 MP: 8/8
  4622 | D:4      | Noticed Ijyb
  4635 | D:4      | Killed Ijyb
  4784 | D:4      | Learned a level 2 spell: Blink
  4937 | D:4      | Noticed Eustachio
  4953 | D:4      | Killed Eustachio
  5044 | D:5      | Entered Level 5 of the Dungeon
  5053 | D:4      | Reached skill level 5 in Unarmed Combat
  5247 | D:5      | Gained mutation: You have razor-sharp teeth. [Vine Stalker
                  | growth]
  5247 | D:5      | Reached XP level 8. HP: 25/42 MP: 3/9
  5372 | D:5      | Found a glowing golden altar of the Shining One.
  5523 | D:5      | Found Ecuihum's Weapon Boutique.
  5560 | D:5      | Reached ** piety under Makhleb
  5759 | D:5      | Reached skill level 6 in Unarmed Combat
  5972 | D:6      | Noticed a water elemental
  5973 | D:6      | Found a stormy altar of Qazlal.
  5975 | D:6      | Noticed an air elemental
  6114 | D:6      | Found a runed translucent door.
  6117 | D:6      | Noticed Crazy Yiuf
  6369 | D:6      | Learned a level 2 spell: Slow
  6411 | D:6      | Found a staircase to the Ecumenical Temple.
  6511 | D:6      | Learned a level 1 spell: Animate Skeleton
  6513 | D:6      | Learned a level 1 spell: Apportation
  6607 | D:6      | Reached skill level 7 in Unarmed Combat
  6639 | D:6      | Found a bloodstained altar of Trog.
  6793 | D:6      | Reached XP level 9. HP: 46/46 MP: 10/10
  6828 | D:6      | Reached skill level 5 in Fighting
  6967 | D:6      | Killed Crazy Yiuf
  7013 | D:7      | Noticed Duvessa
  7014 | D:7      | Noticed Dowan
  7044 | D:6      | Killed Dowan
  7050 | D:6      | Killed Duvessa
  7104 | D:7      | Reached *** piety under Makhleb
  7339 | D:7      | Reached skill level 8 in Unarmed Combat
  7339 | D:7      | Reached skill level 1 in Invocations
  7738 | D:7      | Noticed Prince Ribbit
  7747 | D:7      | Killed Prince Ribbit
  7748 | D:7      | Reached skill level 5 in Dodging
  7982 | D:8      | Found a hide-covered altar of Uskayaw.
  7991 | D:8      | Identified the +2 dagger of Okawaru {vorpal, *Contam
                  | Fragile Str+5 Dex+3}
  8162 | D:8      | Reached XP level 10. HP: 53/53 MP: 12/12
  8164 | D:8      | Reached **** piety under Makhleb
  8176 | D:8      | Found an opulent altar of Gozag.
  8183 | D:8      | Found an ancient bone altar of Kikubaaqudgha.
  8183 | D:8      | Found a white marble altar of Elyvilon.
  8194 | D:8      | Found a shadowy altar of Dithmenos.
  8207 | D:8      | Found an ornate altar of the Wu Jian Council.
  8326 | D:8      | Reached skill level 9 in Unarmed Combat
  8396 | D:8      | Found a hazy altar of Hepliaklqana.
  9458 | D:9      | HP: 1/53 [orc warrior/+0 long sword (15)]
  9715 | D:9      | Reached ***** piety under Makhleb
 10094 | D:9      | Noticed a two-headed ogre
 10143 | D:9      | Found a staircase to the Orcish Mines.
 10144 | D:9      | Slain by a two-headed ogre

Illustrated notes

Levels and vault maps discovered:
D:1:      dpeg_arrival_long_road, layout_loops_cross, serial_shops, shop,
          minmay_misc_feat_encased
D:2:      layout_rooms, fedhas_ov_isle_minmay, nicolae_ru_path_of_blood
D:3:      layout_loops_ring, grunt_temple_overflow_order_and_chaos_2,
          chequers_ecumenical_altar_lobes
D:4:      wad_river_or_something, layout_loops_ring, uniq_eustachio,
          uniq_natasha, uniq_ijyb
D:5:      minmay_clustersquares, layout_rooms, tso_oasis_becter, serial_shops,
          shop
D:6:      layout_basic, lemuel_coloured_pillars_altar,
          minmay_temple_entry_mini_moons, st_stairs_6,
          nicolae_qazlal_style_of_elements, uniq_crazy_yiuf_cottage
D:7:      layout_cave_pools, hangedman_minor_gate_pass, uniq_duvessa,
          uniq_prince_ribbit1
D:8:      layout_basic, kennysheep_little_box, eat_drink_and_be_merry_uskayaw,
          minmay_overflow_temple_star_hex, serial_rivers,
          chequers_serial_rivers_micro_c, chequers_serial_rivers_micro_c,
          chequers_serial_rivers_marsh, chequers_serial_rivers_micro_c,
          chequers_serial_rivers_room_a, chequers_serial_rivers_small_a
D:9:      layout_gridville, hiddenorc1_lemuel, special_room [special_room_bee]

Skill      XL: |  1  2  3  4  5  6  7  8  9 10 |
---------------+-------------------------------+-----
Dodging        | 1 2 3 4 5 |  5.7
Unarmed Combat | 1 3 4 5 7 8 9 |  9.6
Fighting       | 2 3 4 6 |  6.5
Shields        | 1 2 3 4 |  4.0
Invocations    | 2 3 |  3.7
Short Blades   | |  1.7
Throwing       | |  1.7
Stealth        | |  4.8

Action                   |  1- 3 |  4- 6 |  7- 9 | 10-12 || total
-------------------------+-------+-------+-------+-------++-------
Melee: Dagger            |    45 |   116 |    19 |       ||   180
       Bite              |    12 |    45 |   147 |    77 ||   281
       Punch             |     1 |       |       |       ||     1
       Unarmed           |       |    37 |   455 |   216 ||   708
Throw: Dart              |    54 |    93 |   110 |    66 ||   323
Invok: Lesser Servant of |       |       |       |     1 ||     1
Evoke: Condenser vane    |       |       |       |     1 ||     1
  Use: Scroll            |     2 |     2 |       |     9 ||    13
 Stab: Sleeping          |       |     1 |     2 |       ||     3
       Distracted        |       |       |     1 |       ||     1
       Confused          |       |       |       |     3 ||     3
Armor: Robe              |    10 |    10 |       |       ||    20
       Ring mail         |       |    34 |   155 |    74 ||   263
Dodge: Dodged            |    28 |    65 |   229 |   160 ||   482
Block: Buckler           |       |    27 |   108 |    64 ||   199

Table legend: (Time is in decaauts)
 A = Elapsed time spent in this place.
 B = Non-inter-level travel time spent in this place.
 C = Inter-level travel time spent in this place.
 D = Time resting spent in this place.
 E = Time spent auto-exploring this place.
 F = Levels seen in this place.
 G = Mean time per level.
                   A        B        C        D        E       F      G
               +--------+--------+--------+--------+--------+-----+--------+
         Total |  10038 |   9827 |    211 |   1433 |   5833 |   9 | 1115.3 |
       Dungeon |  10038 |   9827 |    211 |   1433 |   5833 |   9 | 1115.3 |
               +--------+--------+--------+--------+--------+-----+--------+

Top non-repeatable levels by time:
     D:1: 2007 daAuts
     D:3: 1380 daAuts
     D:8: 1307 daAuts
     D:4: 1116 daAuts
     D:6: 1095 daAuts
     D:9: 871 daAuts
     D:5: 833 daAuts
     D:7: 810 daAuts
     D:2: 615 daAuts
